AoeStats
← Eby

Arabia

508504827Analyzed
2v2 RM · 9d ago on Sep 22, 2026· 50m 26s· 4 players
Game mode
Random Map
Map size
Medium (4 player)
Population
200
Speed
Normal
Resources
Standard
Victory
Conquest
Starting age
Dark Age
Ending age
Imperial Age
RankedLock teamsTeams togetherTeam positionsShared explorationLock speedFull tech treeHidden civsTurbo modeCheats
Victory
Defeat
🇮🇳 Saxons · India
1379
+17
🇮🇳 Persians · India
1362
+18
🇲🇽 Ethiopians · Mexico
1522
-22
🇲🇽 Magyars · Mexico
1291
-13
Oru_Tamizhan
0:40 Loom
7:30 Loom
9:35 Feudal Age
9:51 Man-at-Arms
10:25 Double-Bit Axe
13:36 Town Watch
21:53 Castle Age
20:05 Horse Collar
20:16 Gold Mining
21:22 Scale Barding Armor
22:26 Forging
23:00 Chain Barding Armor
24:17 Bloodlines
26:29 Chain Barding Armor
29:15 Wheelbarrow
30:23 Husbandry
31:07 Hand Cart
31:57 Iron Casting
32:15 Bow Saw
33:39 Iron Casting
42:20 Imperial Age
40:59 Fletching
42:24 Gold Shaft Mining
41:40 Stone Mining
41:47 Bodkin Arrow
41:20 Light Cavalry
43:24 Conscription
42:33 Cavalier
43:24 Hussar
46:12 Bracer
48:56 Coinage
48:40 Guilds
50:34 Chemistry
49:15 Treadmill Crane
Eby
6:26 Loom
8:33 Feudal Age
9:01 Double-Bit Axe
16:10 Scale Barding Armor
16:35 Horse Collar
22:19 Castle Age
21:04 Gold Mining
21:48 Forging
21:58 Bloodlines
23:11 Wheelbarrow
23:38 Chain Barding Armor
26:21 Hand Cart
28:23 Husbandry
35:22 Bow Saw
35:14 Heavy Plow
39:02 Iron Casting
41:47 Fletching
41:57 Elite Skirmisher
44:19 Bodkin Arrow
45:03 Padded Archer Armor
47:52 Imperial Age
46:36 Ballistics
47:42 Leather Archer Armor
47:31 Cavalier
49:01 Plate Barding Armor
ThisPython54122
6:20 Loom
8:57 Feudal Age
9:29 Double-Bit Axe
12:39 Fletching
22:29 Castle Age
21:06 Gold Mining
21:44 Horse Collar
22:30 Crossbowman
23:18 Bodkin Arrow
25:23 Ballistics
29:26 Padded Archer Armor
33:28 Town Watch
38:36 Wheelbarrow
40:56 Imperial Age
40:40 Leather Archer Armor
41:16 Thumb Ring
41:47 Bracer
42:49 Chemistry
42:07 Arbalester
46:39 Forging
46:30 Scale Mail Armor
46:54 Halberdier
47:35 Squires
49:19 Iron Casting
49:41 Chain Mail Armor
49:57 Ring Archer Armor
49:55 Conscription
NightPlane492
2:28 Loom
9:39 Feudal Age
10:10 Double-Bit Axe
27:51 Castle Age
27:08 Bloodlines
28:33 Wheelbarrow
28:41 Husbandry
31:24 Horse Collar
36:51 Gold Mining
39:07 Gold Shaft Mining
43:36 Imperial Age
43:43 Scale Barding Armor
44:08 Corvinian Army
50:07 Ballistics
Connection lost

Rejoining the realm…

Still unreachable

The connection could not be restored.

Session expired

The server has moved on; the page needs a fresh start.